 Dungeon Crawl Stone Soup version 0.30.1-11-g7821555f0a (webtiles) character file.

Game seed: 6001065884101152848

385 andronian the Poker (level 6, -3/48 HPs)
             Began as a Merfolk Fighter on Nov 29, 2023.
             Slain by an orc wizard
             ... wielding a +0 dagger
              (4 damage)
             ... on level 4 of the Dungeon.
             The game lasted 00:05:48 (2365 turns).

andronian the Poker (Merfolk Fighter)               Turns: 2365, Time: 00:05:49

Health: -3/48      AC:  6    Str: 18    XL:     6   Next: 77%
Magic:  10/10      EV:  9    Int:  7    God:
Gold:   263        SH:  5    Dex: 14    Spells: 9/11 levels left

rFire   . . .        a - +0 trident (heavy)
rCold   . . .        c - +0 buckler
rNeg    . . .        b - +0 scale mail
rPois   .            (no helmet)
rElec   .            (no cloak)
rCorr   .            (no gloves)
SInv    .            (no boots)
Will    +....        k - amulet of magic regeneration Stlth
                     m - ring of willpower
HPRegen 0.28/turn    o - ring of wizardry
MPRegen 0.52/turn

%: wizardry (x1)
@: no status effects
A: (nimble swimmer 2), mertail
a: no special abilities


You were on level 4 of the Dungeon.
You visited 1 branch of the dungeon, and saw 4 of its levels.

You collected 263 gold pieces.

Inventory:

Hand Weapons
 a - a +0 heavy trident (weapon)
 e - the +6 long sword of the Blind Eye {vamp, rC++ rN+ Str+4}
   (You found it on level 4 of the Dungeon)

   Str:       It affects your strength (+4).
   rC:        It greatly protects you from cold.
   rN:        It protects you from negative energy.
Missiles
 n - 2 poisoned darts (quivered)
Armour
 b - a +0 scale mail (worn)
 c - a +0 buckler (worn)
Jewellery
 k - an amulet of magic regeneration (around neck)
 m - a ring of willpower (left hand)
 o - a ring of wizardry (right hand)
Wands
 q - a wand of polymorph (5)
Scrolls
 g - a scroll of vulnerability {unknown}
 i - a scroll of brand weapon
 l - a scroll of immolation {unknown}
 r - a scroll of noise {unknown}
 s - 2 scrolls of poison {unknown}
 u - a scroll of enchant armour {unknown}
Potions
 d - 2 potions of might
 f - 3 potions of berserk rage {unknown}
 h - 2 potions of curing
 p - a potion of heal wounds {unknown}
 t - a potion of attraction {unknown}


   Skills:
 - Level 4.0 Fighting
 * Level 6.4 Polearms
 + Level 0.3 Throwing
 - Level 2.7 Armour
 - Level 3.0 Shields
 - Level 3.1 Spellcasting


You had 9 spell levels left.
You knew the following spells:

 Your Spells              Type           Power      Damage    Failure   Level
a - Blink                 Tloc           2%         N/A       61%         2

Your spell library contained the following spells:

 Spells                   Type           Power      Damage    Failure   Level
 Freeze                   Ice            4%         1d3       45%         1
 Sandblast                Erth           2%         2d4       45%         1
 Slow                     Hex            4%         N/A       45%         1
 Lesser Beckoning         Tloc           2%         N/A       61%         2
 Momentum Strike          Conj/Tloc      2%         3d8       61%         2
 Passwall                 Tmut/Erth      0%         N/A       61%         2
 Static Discharge         Conj/Air       2%         2-3/arc   61%         2
 Frozen Ramparts          Ice            2%         1d1       82%         3
 Hailstorm                Conj/Ice       1%         3d3       82%         3
 Stone Arrow              Conj/Erth      2%         3d7       82%         3
 Tukima's Dance           Hex            1%         N/A       82%         3
 Metabolic Englaciation   Hex/Ice        0%         N/A       100%        5


Dungeon Overview and Level Annotations

Branches:
Dungeon (4/15)
 Temple: D:4-7

Altars:
Gozag
Sif Muna
The Shining One


Innate Abilities, Weirdness & Mutations

((You are very nimble when in or above water. (Stealth+, EV+, Speed+++)))
Your lower body shifts to a powerful aquatic tail in water.


Message History

The orc wizard closely misses you.
The orc wizard hits you with a +0 dagger.
The orc wizard barely misses you.
You closely miss the orc wizard.
The orc wizard is heavily wounded.
The orc wizard barely misses you.
The orc wizard hits you but does no damage.
You puncture the orc wizard!
You kill the orc wizard!
The orc wizard hits you but does no damage.
The orc wizard barely misses you.
You feel less confused.
Things that are here:
a +0 dagger; a +0 robe; an orc corpse You hit the orc wizard but do no damage.
The orc wizard barely misses you.
The orc wizard hits you but does no damage.
You completely miss the orc wizard.
The orc wizard gestures at you while chanting.
The puff of flame hits you.
You hit the orc wizard but do no damage.
The orc wizard closely misses you.
The orc wizard points at you and mumbles some strange words.
The puff of flame misses you. The puff of flame hits you.
You barely miss the orc wizard. The orc wizard casts a spell at you.
The magic dart hits you!
* * * LOW HITPOINT WARNING * * *
You hit the orc wizard but do no damage.
The orc wizard hits you but does no damage.
The orc wizard casts a spell at you. The puff of flame hits you!
* * * LOW HITPOINT WARNING * * *
You barely miss the orc wizard.
The orc wizard hits you with a +0 dagger.
* * * LOW HITPOINT WARNING * * *
You completely miss the orc wizard.
The orc wizard hits you but does no damage.
The orc wizard hits you with a +0 dagger.
You die...

#### ...# ##.# #.#
#.# #.##########
#.##.......######
#..........##.o@#
#..........##≈≈≈#
#..........##...#
#..........##...#
#..........###'###
#..........#.8.8.#
#....[.....#.._..#
#..........##...##
##.########..##.##


You could see an orc wizard.

Vanquished Creatures
  A black bear (D:4)
  The ghost of sigtrap the Sneak, an amateur SpBr (D:3)
  A scorpion (D:3)
  A sleepcap (D:4)
  An orc wizard (D:4)
  6 adders
  A worm (D:3)
  A dart slug (D:2)
  2 orcs (D:3)
  3 bats (D:1)
  2 endoplasms
  3 giant cockroaches
  10 goblins
  4 hobgoblins
  10 jackals
  6 ball pythons
  2 frilled lizards
  4 kobolds
  9 rats
68 creatures vanquished.

Notes
Turn   | Place    | Note
-------+----------+-------------------------------------------
     0 | D:1      | andronian the Merfolk Fighter began the quest for the Orb.
     0 | D:1      | Reached XP level 1. HP: 18/18 MP: 1/1
   258 | D:1      | Reached skill level 3 in Polearms
   261 | D:1      | Reached XP level 2. HP: 24/24 MP: 2/2
   707 | D:2      | Reached XP level 3. HP: 29/29 MP: 3/3
   730 | D:1      | Reached skill level 4 in Polearms
   865 | D:2      | Reached XP level 4. HP: 33/37 MP: 4/4
   930 | D:2      | Got the Discursus on Spellbinding and Electrocution
  1391 | D:3      | Noticed a golden eye
  1395 | D:3      | Noticed a golden eye
  1397 | D:3      | Found a faded altar of an unknown god.
  1399 | D:3      | Noticed a golden eye
  1406 | D:3      | Noticed a floating eye
  1523 | D:3      | Found a glowing golden altar of the Shining One.
  1658 | D:3      | Found a runed translucent gate.
  1670 | D:3      | Found a runed translucent gate.
  1670 | D:3      | Found an opulent altar of Gozag.
  1670 | D:3      | Found a runed translucent gate.
  1671 | D:3      | Noticed sigtrap's ghost (amateur SpBr)
  1671 | D:3      | Noticed a scorpion
  1950 | D:3      | Reached XP level 5. HP: 38/42 MP: 4/6
  2061 | D:3      | Killed sigtrap's ghost
  2062 | D:3      | Reached skill level 5 in Polearms
  2069 | D:3      | Reached XP level 6. HP: 48/48 MP: 8/10
  2198 | D:4      | Learned a level 2 spell: Blink
  2226 | D:4      | Noticed a black bear
  2247 | D:4      | Killed a black bear
  2248 | D:4      | Reached skill level 6 in Polearms
  2335 | D:4      | Identified the +6 long sword of the Blind Eye {vamp, rC++
                  | rN+ Str+4}
  2341 | D:4      | Found a shimmering blue altar of Sif Muna.
  2364 | D:4      | HP: 1/48 [orc wizard/+0 dagger (4)]
  2365 | D:4      | Slain by an orc wizard

Illustrated notes

Levels and vault maps discovered:
D:1:      dpeg_arrival_shrine, layout_loops_ring
D:2:      layout_rooms
D:3:      layout_loops_ring, mainiacjoe_overflow_paths, ebering_ghost_gozag,
          hellmonk_ecumenical_altar_watching_god
D:4:      layout_basic, led_sif_book, minmay_temple_entry_large_hall

Skill      XL: |  1  2  3  4  5  6 |
---------------+-------------------+-----
Polearms       | 3 4 5 6 |  6.4
Fighting       | 4 |  4.0
Spellcasting   | 3 |  3.1
Throwing       | |  0.3
Armour         | |  2.7
Shields        | |  3.0

Action                     |  1- 3 |  4- 6 || total
---------------------------+-------+-------++-------
  Melee: Trident           |    93 |   129 ||   222
  Throw: Dart              |       |     4 ||     4
    Use: Scroll            |       |     3 ||     3
         Potion            |       |     1 ||     1
 Armour: Scale mail        |    24 |    48 ||    72
         Skin              |       |    11 ||    11
  Dodge: Dodged            |    41 |    62 ||   103
  Block: Buckler           |    14 |    33 ||    47
